 Dungeon Crawl Stone Soup version 0.17-a0-1528-gfee3901 (webtiles) character file.

2890 ztt the Cleaver (level 9, 79/79 HPs)
             Began as a Hill Orc Fighter on July 13, 2015.
             Was an Initiate of Gozag.
             Quit the game on level 8 of the Dungeon on July 17, 2015.
             The game lasted 00:12:53 (6573 turns).

ztt the Cleaver (Hill Orc Fighter)                  Turns: 6573, Time: 00:12:54

Health: 79/79      AC: 11    Str: 24    XL:     9   Next: 77%
Magic:  9/9        EV: 10    Int: 16    God:    Gozag
Gold:   655        SH: 11    Dex: 12    Spells: 0 memorised, 8 levels left

rFire  . . .     SeeInvis +     x - +9 war axe of the Radish {drain, Str+3}
rCold  . . .     Clarity  .     b - +0 scale mail
rNeg   . . .     SustAt   .     c - +0 shield
rPois  .         Gourm    .     (no helmet)
rElec  .         Spirit   .     r - +0 cloak
rCorr  .         Warding  .     p - +1 pair of gloves
rMut   +         Stasis   .     (no boots)
MR     .....                    k - amulet of Sits {rMut Int+2 SInv}
Stlth  ..........               t - +2 ring of dexterity
                                f - +5 ring of intelligence

@: not resistant to hostile enchantments, extremely unstealthy
A: no striking features
a: Potion Petition, Call Merchant, Bribe Branch, Renounce Religion


You were on level 8 of the Dungeon.
You worshipped Gozag.
Gozag was noncommittal.
You were very hungry.

You visited 1 branch of the dungeon, and saw 8 of its levels.

You collected 1123 gold pieces.
You spent 468 gold pieces at shops.

Inventory:

Hand weapons
 a - a +0 war axe
 x - the +9 war axe of the Radish (weapon) {drain, Str+3}
   (You found it on level 6 of the Dungeon)

   A truly terrible weapon, it drains the life of those it strikes.
   It affects your strength (+3).
Armour
 b - a +0 scale mail (worn)
 c - a +0 shield (worn)
 p - a +1 pair of gloves (worn)
 r - a +0 cloak (worn)
Jewellery
 f - a +5 ring of intelligence (left hand)
 j - an uncursed amulet of stasis
 k - the amulet of Sits (around neck) {rMut Int+2 SInv}
   (You took it off a gnoll on level 4 of the Dungeon)

   [amulet of resist mutation]

   It protects you from mutation.
   It affects your intelligence (+2).
   It lets you see invisible.
 t - a +2 ring of dexterity (right hand)
 D - an uncursed ring of invisibility
Magical devices
 l - a wand of slowing (17)
 s - a wand of invisibility (3)
 B - a wand of paralysis (12)
Scrolls
 i - 2 scrolls of enchant armour
 m - 10 scrolls of remove curse
 q - 3 scrolls of identify
 v - 3 scrolls of enchant weapon {unknown}
 w - a scroll of fear
 y - a scroll of teleportation {unknown}
 C - a scroll of amnesia {unknown}
 F - a scroll of brand weapon {unknown}
Potions
 d - a potion of heal wounds {unknown}
 g - 3 potions of curing
 h - a potion of flight
 o - a potion of brilliance
 u - a potion of degeneration {unknown}
 E - a potion of agility {unknown}
 G - a potion of invisibility
Comestibles
 e - 10 bread rations
 n - 6 meat rations
 z - 5 fruits
 A - 7 beef jerkies


   Skills:
 + Level 7.4 Fighting
 + Level 9.5 Axes
 + Level 6.8 Armour
 + Level 4.0 Dodging
 + Level 1.7 Stealth
 + Level 7.2 Shields


You had 8 spell levels left.
You didn't know any spells.

Dungeon Overview and Level Annotations

Branches:
Dungeon (8/15)             Temple (0/1) D:5
   Lair: D:8-11

Altars:
Cheibriados
Dithmenos
Gozag
Kikubaaqudgha
Makhleb
Nemelex Xobeh
Ru
Xom
Yredelemnul
Zin
The Shining One


Message History

No target in view!
You now have 655 gold pieces (gained 6).
G - a potion of invisibility You are feeling very hungry.
An iguana comes into view.
The iguana hisses angrily.
An iguana is nearby!
The iguana bites you but does no damage.
Saving game... please wait.
Welcome back, ztt the Hill Orc Fighter.
Gozag says: Greed is good.
Press ? for a list of commands and other information.
Are you sure you want to abandon this character and quit the game? (Confirm with "yes".)
Okay, then.
Unknown command.
Saving game... please wait.
Welcome back, ztt the Hill Orc Fighter.
Gozag says: Greed is good.
Press ? for a list of commands and other information.
Are you sure you want to abandon this character and quit the game? (Confirm with "yes".)

# ..# #. #.#
#.# #.# #.l##
#.# #@## #.#
##.#### #.#
##...# #.#
#.##.# #<# #.#
#.# #.# ..# #.#
#.#
#.#####.#####.#
#.............#
#######...#####


You could see an iguana.

Vanquished Creatures
  Pikel (D:4)
  Joseph (D:7)
  Sigmund (D:4)
  Eustachio (D:4)
  Edmund (D:4)
  3 slaves (D:4)
  An ogre (D:7)
  A black bear (D:6)
  An ice beast (D:7)
  A phantom (D:7)
  4 centaurs
  A giant frog (D:7)
  3 wights (D:7)
  A giant frog zombie (D:5)
  A quasit (D:7)
  2 centaur skeletons
  Crazy Yiuf (D:7)
  Ijyb (D:3)
  2 hounds (D:4)
  7 orc wizards
  Jessica (D:3)
  3 worker ants (D:4)
  An iguana (D:4)
  Robin (D:2)
  3 adders
  8 gnolls
  An adder zombie (D:5)
  2 oozes
  An adder skeleton (D:7)
  2 worms
  7 giant geckos
  28 orcs
  2 ball pythons (D:3)
  9 bats
  3 bat skeletons
  A bat zombie (D:5)
  21 goblins
  8 hobgoblins
  7 jackals (D:1)
  4 quokkas
  4 giant cockroaches
  7 giant newts
  A jackal skeleton (D:4)
  9 kobolds
  A quokka skeleton (D:4)
  A quokka zombie (D:4)
  12 rats
  A spectral orc (D:7)
184 creatures vanquished.

Vanquished Creatures (others)
  A human (D:5)
1 creature vanquished.

Grand Total: 185 creatures vanquished

Notes
Turn   | Place    | Note
--------------------------------------------------------------
     0 | D:1      | ztt the Hill Orc Fighter began the quest for the Orb.
     0 | D:1      | Reached XP level 1. HP: 19/19 MP: 1/1
   128 | D:1      | Reached XP level 2. HP: 25/27 MP: 2/2
   589 | D:1      | Reached XP level 3. HP: 33/33 MP: 3/3
   591 | D:1      | Reached skill level 4 in Fighting
   881 | D:2      | Found a shadowy altar of Dithmenos.
   898 | D:2      | Found a snail-covered altar of Cheibriados.
   935 | D:2      | Noticed Robin
   981 | D:2      | Killed Robin
   981 | D:2      | Reached XP level 4. HP: 32/40 MP: 4/4
  1307 | D:2      | Upgraded the game from 0.17-a0-1519-g2001520 to 0.17-a0-1528-gfee3901
  1673 | D:3      | Noticed Jessica
  1680 | D:3      | Killed Jessica
  1680 | D:3      | Reached XP level 5. HP: 44/46 MP: 5/5
  1681 | D:3      | Found a faded altar to an unknown god.
  1692 | D:3      | Became a worshipper of Gozag Ym Sagoz the Greedy
  1751 | D:3      | Reached skill level 1 in Dodging
  1766 | D:3      | Found a shimmering altar of Xom.
  1911 | D:3      | Noticed Ijyb
  1941 | D:3      | Killed Ijyb
  2075 | D:4      | Noticed a slave
  2076 | D:4      | Noticed a slave
  2077 | D:4      | Noticed a slave
  2089 | D:4      | Killed a slave
  2100 | D:4      | Noticed Edmund
  2101 | D:4      | Killed a slave
  2112 | D:4      | Killed Edmund
  2112 | D:4      | Reached skill level 5 in Fighting
  2112 | D:4      | Reached skill level 1 in Stealth
  2112 | D:4      | Reached XP level 6. HP: 11/56 MP: 6/6
  2160 | D:4      | Noticed Pikel
  2386 | D:4      | Reached skill level 5 in Axes
  2431 | D:4      | Found a burning altar of Makhleb.
  2474 | D:4      | Reached XP level 7. HP: 45/61 MP: 7/7
  2669 | D:4      | Got a faintly glowing zirconium amulet
  2738 | D:4      | Found a glowing golden altar of the Shining One.
  3007 | D:4      | Noticed Eustachio
  3073 | D:4      | Killed Eustachio
  3073 | D:4      | Reached skill level 6 in Axes
  3073 | D:4      | Reached skill level 5 in Armour
  3117 | D:4      | Killed a slave
  3343 | D:4      | Found a sparkling altar of Nemelex Xobeh.
  3520 | D:4      | Reached skill level 5 in Shields
  3589 | D:4      | Noticed Sigmund
  3609 | D:4      | Killed Sigmund
  3609 | D:4      | Reached XP level 8. HP: 55/70 MP: 8/8
  3798 | D:4      | Noticed a slave
  3816 | D:4      | Killed Pikel
  3816 | D:4      | Reached skill level 7 in Axes
  3969 | D:5      | Entered Level 5 of the Dungeon
  4016 | D:5      | Found a staircase to the Ecumenical Temple.
  4089 | D:5      | Found a sacrificial altar of Ru.
  4120 | D:5      | Found a glowing silver altar of Zin.
  4464 | D:5      | Found an ancient bone altar of Kikubaaqudgha.
  4724 | D:6      | Got an encrusted war axe
  4725 | D:6      | Identified the +9 war axe of the Radish {drain, Str+3} (You found it on level 6 of the Dungeon)
  4799 | D:6      | Reached skill level 8 in Axes
  4829 | D:6      | Found Riuhen's Food Shoppe.
  4838 | D:6      | Bought a meat ration for 60 gold pieces
  4838 | D:6      | Bought a beef jerky for 18 gold pieces
  4838 | D:6      | Bought a bread ration for 60 gold pieces
  4838 | D:6      | Bought a meat ration for 60 gold pieces
  4838 | D:6      | Bought a bread ration for 60 gold pieces
  4838 | D:6      | Bought a slice of pizza for 18 gold pieces
  4838 | D:6      | Bought a meat ration for 60 gold pieces
  4838 | D:6      | Bought 3 fruits for 54 gold pieces
  4838 | D:6      | Bought a beef jerky for 18 gold pieces
  4838 | D:6      | Bought a bread ration for 60 gold pieces
  5173 | D:6      | Reached XP level 9. HP: 78/78 MP: 9/9
  5543 | D:7      | Identified the amulet of Sits {rMut Int+2 SInv} (You took it off a gnoll on level 4 of the Dungeon)
  5672 | D:7      | Noticed Crazy Yiuf
  5676 | D:7      | Killed Crazy Yiuf
  5824 | D:7      | Noticed Joseph
  5838 | D:7      | Killed Joseph
  5838 | D:7      | Reached skill level 9 in Axes
  6207 | D:7      | Found a basalt altar of Yredelemnul.
  6573 | D:8      | Quit the game

Vault maps used:
D:1:      enne_arrival_octagon_isle, minivault_11, grunt_decor_one_mirror
D:2:      grunt_dithmenos_smoke, cheibriados_altar_1, first_bread, uniq_robin
D:3:      tgw_xom, ecumenical_altar_2, uniq_jessica, uniq_iyjb
D:4:      nicolae_overflow_crystal_walls, tso_altar, makhleb_heckhound_becter,
          uniq_eustachio, uniq_sigmund, uniq_edmund, uniq_pikel
D:5:      zin_statuary, nicolae_ru_path_of_blood, minmay_temple_entry_grid,
          tgw_kikubaaqudgha
D:6:      serial_shops, shop, roderic_lattice_a, kennysheep_big_empty_room,
          kennysheep_dice
D:7:      yredelemnul_forgotten_temple_becter, grunt_ogre_cave, uniq_joseph,
          uniq_crazy_yiuf_cottage
D:8:      fedhas_altar_2, amethyst_overflow_temple_binary

Action                   |  1- 3 |  4- 6 |  7- 9 || total
-------------------------+-------+-------+-------++-------
Melee: War axe           |   102 |   170 |   334 ||   606
Invok: Potion Petition   |       |       |     1 ||     1
  Use: Scroll            |       |    11 |       ||    11
       Potion            |       |     2 |     2 ||     4
 Stab: Distracted        |     1 |       |     1 ||     2
       Invisible         |       |       |     1 ||     1
  Eat: Pizza             |       |     1 |     1 ||     2
       Beef jerky        |       |     1 |     1 ||     2
       Fruit             |       |     4 |     1 ||     5
       Bread ration      |       |       |     2 ||     2
